 Seeded DCSS version 0.30.1 (webtiles) character file.

Game seed: 7229806256980976716 (custom seed)

1679 McKennaii the Destroyer (level 8, -5/57 HPs)
             Began as a Demigod Conjurer on July 13, 2023.
             Killed from afar by an electric eel (9 damage)
             ... with a bolt of electricity
             ... on level 6 of the Dungeon.
             The game lasted 00:04:45 (6112 turns).

McKennaii the Destroyer (Demigod Conjurer)          Turns: 6112, Time: 00:04:45

Health: -5/57      AC:  6    Str: 12    XL:     8   Next: 43%
Magic:  18/22      EV: 17    Int: 34    God:
Gold:   246        SH:  0    Dex: 16    Spells: 13/20 levels left

rFire   + . .        g - staff of conjuration "Vihairops" {rF+ Str+4 Dex+4 SInv}
rCold   + + +        (no shield)
rNeg    . . .        a - +0 robe
rPois   .            (no helmet)
rElec   .            e - +2 cloak of Zealous Happiness {Harm rC++ rCorr Int+3}
rCorr   +            q - +0 pair of gloves
SInv    +            (no boots)
Will    .....        (no amulet)
Stlth   ++           h - ring of Ruecsuur {+Blink rC+ EV+5 Int+3}
HPRegen 0.29/turn    (no ring)
MPRegen 0.18/turn

%: harm (+30% outgoing, +20% incoming)
@: no status effects
A: high MP 1, forlorn, divine attributes
a: Evoke Blink


You were on level 6 of the Dungeon.
You visited 1 branch of the dungeon, and saw 6 of its levels.
You also visited: Ossuary.

You collected 246 gold pieces.

Inventory:

Missiles
 c - a throwing net
Armour
 a - a +0 robe (worn)
 e - the +2 cloak of Zealous Happiness (worn) {Harm rC++ rCorr Int+3}
   (You acquired it on level 1 of the Dungeon)

   Int:       It affects your intelligence (+3).
   rC:        It greatly protects you from cold.
   rCorr:     It protects you from acid and corrosion.
   Harm:      It increases damage dealt and taken.
 q - a +0 pair of gloves (worn)
Magical Staves
 g - the staff of conjuration "Vihairops" (weapon) {rF+ Str+4 Dex+4 SInv}
   (You acquired it on level 1 of the Dungeon)

   [staff of conjuration]

   Base accuracy: +5 Base damage: 5 Base attack delay: 1.2 This weapon's minimum
   attack delay (0.6) is reached at skill level 12.
   Str:       It affects your strength (+4).
   Dex:       It affects your dexterity (+4).
   rF:        It protects you from fire.
   SInv:      It lets you see invisible.
   It falls into the 'Staves' category.
   It is a one-handed weapon.
Jewellery
 h - the ring of Ruecsuur (left hand) {+Blink rC+ EV+5 Int+3}
   (You acquired it on level 1 of the Dungeon)

   [ring of evasion]

   EV:        It affects your evasion (+5).
   Int:       It affects your intelligence (+3).
   rC:        It protects you from cold.
   +Blink:    It lets you blink.
Scrolls
 d - 3 scrolls of amnesia {unknown}
 f - a scroll of teleportation {unknown}
 j - 2 scrolls of enchant armour {unknown}
 l - 2 scrolls of blinking {unknown}
 m - 8 scrolls of identify {unknown}
 r - 2 scrolls of poison {unknown}
 t - 3 scrolls of vulnerability {unknown}
 u - a scroll of fog {unknown}
 w - 2 scrolls of silence {unknown}
 y - a scroll of butterflies {unknown}
 A - 2 scrolls of magic mapping {unknown}
 F - a scroll of brand weapon {unknown}
 H - a scroll of torment {unknown}
Potions
 b - a potion of magic
 i - 3 potions of might {unknown}
 k - 2 potions of mutation {unknown}
 n - 5 potions of curing {unknown}
 o - a potion of invisibility {unknown}
 p - 2 potions of brilliance {unknown}
 s - 2 potions of flight {unknown}
 v - a potion of ambrosia {unknown}
 x - a potion of berserk rage {unknown}
 z - 4 potions of attraction {unknown}
 B - a potion of degeneration {unknown}
 C - a potion of heal wounds {unknown}
 D - 2 potions of cancellation {unknown}
 E - 2 potions of lignification {unknown}
 G - a potion of haste {unknown}


   Skills:
 - Level 1.7 Dodging
 - Level 1.7 Stealth
 + Level 6.8 Spellcasting
 + Level 8.1 Conjurations


You had 13 spell levels left.
You knew the following spells:

 Your Spells              Type           Power      Damage    Failure   Level
a - Magic Dart            Conj           100%       1d8       1%          1
b - Searing Ray           Conj           100%       2d8       1%          2
c - Iskenderun's Mystic   Conj/Tloc      56%        2d12      7%          4

Your spell library contained the following spells:

 Spells                   Type           Power      Damage    Failure   Level
 Dazzling Flash           Conj/Hex       100%       N/A       1%          3
 Mephitic Cloud           Conj/Pois/Air  45%        N/A       3%          3
 Cigotuvi's Dreadful Rot  Necr/Pois/Air  22%        N/A       5%          2
 Poisonous Vapours        Pois/Air       22%        N/A       5%          2
 Fulminant Prism          Conj/Hex       28%        3d14      7%          4
 Freezing Cloud           Conj/Ice/Air   22%        6-21      32%         5
 Dispel Undead            Necr           11%        3d9       36%         4
 Death Channel            Necr           5%         N/A       99%         6


Dungeon Overview and Level Annotations

Branches:
Dungeon (6/15)             Temple (0/1) D:4         Ossuary (visited)


Innate Abilities, Weirdness & Mutations

You have an increased reservoir of magic. (+10% MP)
You shall have no god before yourself.
Your divine heritage dramatically boosts your attributes as you level up.


Message History

You can't see any susceptible monsters within range! (Use Z to cast anyway.) Done exploring.
You can't see any susceptible monsters within range! (Use Z to cast anyway.) Done exploring.
You can't see any susceptible monsters within range! (Use Z to cast anyway.) Done exploring.
(D) Dungeon (T) Temple
Where to? (Enter - D:5, ? - help)
What level of the Dungeon? (default 1, ? - help)
There is a stone staircase leading down here.
You climb downwards.
Found a stone staircase leading up.
There is a stone staircase leading up here.
Okay, then.
Found a club.
An electric eel comes into view.
You feel a surge of power!
The magic dart hits the electric eel!
The electric eel is severely wounded.
The electric eel shoots out a bolt of lightning at you!
The bolt of electricity hits you!
You feel a surge of power!
The magic dart hits the electric eel!
You kill the electric eel!
An electric eel comes into view. x2
There are monsters nearby!
There are monsters nearby!
You feel a surge of power!
The magic dart hits the electric eel!
The electric eel is severely wounded.
You feel a surge of power!
The magic dart hits the electric eel.
The electric eel is almost dead.
The electric eel shoots out a bolt of lightning at you!
The bolt of electricity hits you!
The electric eel shoots out a bolt of lightning at you!
The bolt of electricity hits the plant!
The plant begins to die.
The bolt of electricity hits you!
The electric eel shoots out a bolt of lightning at you!
The bolt of electricity hits you!
* * * LOW HITPOINT WARNING * * *
The electric eel shoots out a bolt of lightning at you!
The bolt of electricity hits the plant!
The bolt of electricity hits you!
You die...

#.#.. ~~~~≈≈≈
#)#.. ~~ ~SS~
#.... .P~~P≈
##.#..#. ~~~PP
#<........♣~~~
#..#...#...~~♣
#...........♣♣
#.#.##....#
#.#.@........
#...<........
#............
#.##..##.#...
#.. .... .....
#.. ......
.... #.
........... #.
............
..........


You could see 2 electric eels.

Vanquished Creatures
  The ghost of polpettosauro the Firebug, an amateur DrFE of Yredelemnul (D:3)
  2 hornet zombies (Ossuary)
  2 scorpions
  3 wyvern zombies
  2 water moccasin zombies (Ossuary)
  An electric eel (D:6)
  2 centaur zombies (Ossuary)
  3 bullfrog zombies (Ossuary)
  A jelly (D:2)
  An orc priest (D:5)
  2 bullfrog skeletons (D:3)
  A sleepcap (D:4)
  3 killer bee zombies (Ossuary)
  16 mummies
  2 howler monkey zombies (Ossuary)
  A howler monkey skeleton (D:3)
  7 adders
  A shadow imp (D:5)
  An ufetubus (D:3)
  3 worms
  3 orcs (D:5)
  4 endoplasms
  6 giant cockroaches
  4 goblins
  8 hobgoblins
  20 jackals
  A kobold (D:4)
  4 quokkas
  6 ball pythons
  5 bats
  A frilled lizard (D:1)
  A goblin zombie (D:4)
  An orc zombie (D:4)
  4 rats
123 creatures vanquished.

Notes
Turn   | Place    | Note
-------+----------+-------------------------------------------
     0 | D:1      | McKennaii the Demigod Conjurer began the quest for the Orb.
     0 | D:1      | Reached XP level 1. HP: 14/14 MP: 5/5
   147 | D:1      | Identified 3 scrolls of acquirement
   147 | D:1      | Acquired the staff of conjuration "Vihairops" {rF+ Str+4
                  | Dex+4 SInv}
   148 | D:1      | Acquired the +2 cloak of Zealous Happiness {Harm rC++ rCorr
                  | Int+3}
   149 | D:1      | Acquired the ring of Ruecsuur {+Blink rC+ EV+5 Int+3}
   281 | D:1      | Reached XP level 2. HP: 20/20 MP: 3/7
   299 | D:1      | Reached skill level 4 in Conjurations
   692 | D:1      | You fall into a shaft and drop 1 floor!
  1168 | D:2      | Learned a level 2 spell: Searing Ray
  1215 | D:2      | Reached XP level 3. HP: 26/26 MP: 1/9
  1555 | D:2      | Reached XP level 4. HP: 28/33 MP: 5/11
  2515 | D:3      | Found a runed translucent gate.
  2515 | D:3      | Found a runed translucent gate.
  2515 | D:3      | Found a runed translucent gate.
  2553 | D:3      | Noticed polpettosauro's ghost (amateur DrFE)
  2962 | D:4      | Reached skill level 5 in Conjurations
  2962 | D:4      | Reached XP level 5. HP: 38/38 MP: 4/13
  3104 | D:4      | Found a sand-covered staircase.
  3178 | D:4      | Found a staircase to the Ecumenical Temple.
  3215 | Ossuary  | Entered an ossuary
  3378 | Ossuary  | Reached XP level 6. HP: 37/45 MP: 3/15
  3530 | Ossuary  | Reached skill level 6 in Conjurations
  3646 | Ossuary  | Reached XP level 7. HP: 7/50 MP: 7/17
  3730 | Ossuary  | Reached skill level 5 in Spellcasting
  4101 | Ossuary  | Reached skill level 7 in Conjurations
  4754 | D:4      | Learned a level 4 spell: Iskenderun's Mystic Blast
  4789 | D:4      | Reached XP level 8. HP: 56/57 MP: 12/20
  5354 | D:3      | Killed polpettosauro's ghost
  5517 | D:5      | Entered Level 5 of the Dungeon
  5563 | D:5      | Reached skill level 8 in Conjurations
  6112 | D:6      | Killed from afar by an electric eel

Illustrated notes

Levels and vault maps discovered:
D:1:      spicycebolla_arrival_ecumenical, layout_loops_ring
D:2:      layout_basic
D:3:      layout_rooms, mainiacjoe_overflow_paths, gammafunk_ghost_necromancy
D:4:      layout_rooms, tso_metal_star, mainiacjoe_overflow_catwalk,
          elyvilon_altar_5, minmay_temple_entry_stoned_glass,
          nicolae_ossuary_entry_giza, minmay_misc_feat_square, minivault_4
D:5:      layout_basic
D:6:      kennysheep_six_static_rooms, layout_basic, serial_shops,
          nicolae_shop_stone, serial_bayou_lagoon_b

Skill      XL: |  1  2  3  4  5  6  7  8 |
---------------+-------------------------+-----
Spellcasting   | 2 3 4 6 |  6.8
Conjurations   | 4 5 6 7 8 |  8.1
Dodging        | |  1.7
Stealth        | |  1.7

Action                     |  1- 3 |  4- 6 |  7- 9 || total
---------------------------+-------+-------+-------++-------
  Melee: Staff             |    24 |    57 |       ||    81
         Punch             |     1 |       |       ||     1
   Cast: Magic Dart        |    66 |    64 |    89 ||   219
         Searing Ray       |     2 |    18 |    18 ||    38
         Iskenderun's Myst |       |       |     4 ||     4
    Use: Scroll            |     3 |       |       ||     3
 Armour: Robe              |     8 |    19 |     7 ||    34
  Dodge: Dodged            |    50 |    92 |    38 ||   180
